 Dungeon Crawl Stone Soup version 0.21.1-1-g345015f (webtiles) character file.

6349 lotte the Thaumaturge (level 10, -1/50 HPs)
             Began as a Deep Elf Fire Elementalist on July 2, 2018.
             Was a Believer of Vehumet.
             Splashed by a brown ugly thing's acid (10 damage)
             ... on level 8 of the Dungeon.
             The game lasted 01:03:59 (12337 turns).

lotte the Thaumaturge (Deep Elf Fire Elementalist) Turns: 12337, Time: 01:04:00

Health: -1/50      AC: -6    Str:  5    XL:     10   Next: 65%
Magic:  15/26      EV: 18    Int: 31    God:    Vehumet [**....]
Gold:   600        SH:  0    Dex: 15    Spells: 26/35 levels left

rFire    . . .     SeeInvis .   I - +4 quarterstaff (chaos)
rCold    . . .     Gourm    .   (shield currently unavailable)
rNeg     . . .     Faith    .   a - +1 robe
rPois    .         Spirit   .   (no helmet)
rElec    .         Reflect  .   J - +0 cloak
rCorr    .         Harm     .   (no gloves)
MR       +....                  (no boots)
Stlth    ++........             (no amulet)
HPRegen  0.16/turn              K - +3 ring of intelligence
MPRegen  0.20/turn              r - +4 ring of intelligence

@: corroded
A: icy blue scales 1, low mp 1
a: Renounce Religion


You were on level 8 of the Dungeon.
You worshipped Vehumet.
Vehumet was pleased with you.
You were not hungry.

You visited 2 branches of the dungeon, and saw 10 of its levels.

You collected 600 gold pieces.

Inventory:

Hand Weapons
 k - a +0 mace
 E - a +2 broad axe of flaming
 I - a +4 quarterstaff of chaos (weapon)
Armour
 a - a +1 robe (worn)
 z - a +0 buckler
 J - a +0 cloak (worn)
Jewellery
 e - an uncursed ring of protection from cold
 l - an uncursed ring of flight
 r - a +4 ring of intelligence (right hand)
 y - an uncursed amulet of rage
 C - a cursed -2 ring of dexterity
 F - an uncursed ring of ice
 K - a +3 ring of intelligence (left hand)
Wands
 n - a wand of paralysis (12)
 p - a wand of random effects (35)
 s - a wand of disintegration (15)
 A - a wand of digging (16)
 B - a wand of enslavement (15)
 H - a wand of polymorph (24)
Scrolls
 f - 2 scrolls of blinking
 g - 3 scrolls of identify
 h - 2 scrolls of magic mapping
 j - a scroll of teleportation
 m - 2 scrolls of amnesia
 D - 2 scrolls of remove curse
 L - a scroll of fog
 M - a scroll of random uselessness {unknown}
 N - a scroll of enchant weapon {unknown}
Potions
 d - a potion of mutation
 i - 2 potions of haste
 o - 4 potions of lignification
 t - 2 potions of flight
 u - a potion of magic {unknown}
 v - 2 potions of degeneration {unknown}
 w - 2 potions of might
 x - a potion of heal wounds {unknown}
 G - a potion of curing
Books
 b - a book of Flames

   Spells                             Type                      Level
   a - Flame Tongue                   Conjuration/Fire             1
   b - Throw Flame                    Conjuration/Fire             2
   c - Conjure Flame                  Conjuration/Fire             3
   d - Inner Flame                    Hexes/Fire                   3
   e - Sticky Flame                   Conjuration/Fire             4
   f - Fireball                       Conjuration/Fire             5
Miscellaneous
 q - a lamp of fire
Comestibles
 c - 16 rations


   Skills:
 + Level 8.8 Dodging
 - Level 3.2 Stealth
 * Level 13.2 Spellcasting
 + Level 8.0 Conjurations
 + Level 8.7 Fire Magic


You had 26 spell levels left.
You knew the following spells:

 Your Spells              Type           Power        Failure   Level  Hunger
a - Flame Tongue          Conj/Fire      #####        1%          1    None
b - Conjure Flame         Conj/Fire      ######..     1%          3    None
c - Fireball              Conj/Fire      ######....   1%          5    None


Dungeon Overview and Level Annotations

Branches:
Dungeon (9/15)             Temple (1/1) D:5            Lair (0/6) D:9
    Orc: D:9-12

Altars:
Cheibriados
Dithmenos
Elyvilon
Fedhas
Gozag
Hepliaklqana
Kikubaaqudgha
Makhleb
Nemelex Xobeh
Okawaru
Qazlal
Sif Muna
Trog
Uskayaw
Vehumet
Yredelemnul
Zin


Innate Abilities, Weirdness & Mutations

You are partially covered in icy blue scales. (AC +2)
Your magical capacity is low. (-10% MP)


Message History

The brown ugly thing is engulfed in blazing flames.
The brown ugly thing punches you. The acid corrodes you!
You are splashed with acid!
The acid burns!
There is a stone staircase leading up, spattered with blood here.
The brown ugly thing completely misses you.
You climb upwards.
There is a stone staircase leading down here.
Firing (i - inventory): No suitable missiles.
Press: ? - help, Shift-Dir - straight line, f - brown ugly thing
Aim: a brown ugly thing (lightly wounded)
Okay, then.
Aiming: Paralyse
Press: ? - help, Shift-Dir - straight line, f - brown ugly thing
Aim: a brown ugly thing (lightly wounded, chance to defeat MR: 28%)
The brown ugly thing easily resists.
The brown ugly thing punches you! The acid corrodes you!
You are splashed with acid!
The acid burns!
The brown ugly thing punches you!
* * * LOW HITPOINT WARNING * * *
The acid corrodes you!
You are splashed with acid!
The acid burns!
You die...

.# #..........#..((.......... .#
#.....###.....#........... .#
#.....# #...#.########.... .##
####### #[#...# #.... ..##
#.##### ##...# ...########## #.#
##..... ...).....>..#
#.##########.#.... ............#
#.##..............
..###..###..####@##..####.###...#
..'_#...#....).u.##..####.#.....#
..###...#...#######..#...........
............# #.....#.#...#..
##.........## #.......#####..
########### #..............
###.##########. #.# #. #.# ###
###


You could see a brown ugly thing.

Vanquished Creatures
  2 two-headed ogres
  Pikel (D:5)
  An ugly thing (D:9)
  Psyche (D:8)
  Prince Ribbit (D:8)
  A hippogriff (D:9)
  A spriggan (D:8)
  A yak (D:9)
  A basilisk (D:9)
  The ghost of lotte the Magician, an amateur DEFE (D:4)
  3 sky beasts
  An ogre (D:5)
  2 orc warriors
  An ice beast (D:7)
  A phantom (D:5)
  A crocodile (D:9)
  A big kobold (D:8)
  The ghost of lotte the Magician, an amateur DEWz (D:3)
  A water moccasin zombie (D:8)
  2 bullfrogs
  3 scorpions
  11 killer bees (D:8)
  5 wights (D:7)
  A howler monkey (D:6)
  4 crimson imps
  2 hounds
  6 orc priests
  Crazy Yiuf (D:5)
  4 orc wizards
  Jessica (D:3)
  Ijyb (D:5)
  Terence (D:3)
  3 iguanas
  4 worker ants
  A hound zombie (D:7)
  A hound skeleton (D:8)
  2 worker ant zombies (D:5)
  9 adders
  A howler monkey skeleton (D:8)
  A shadow imp (D:5)
  An ooze (D:5)
  2 adder skeletons
  4 worms
  5 dart slugs
  7 leopard geckos
  26 orcs
  2 ball pythons
  11 bats
  8 giant cockroaches
  6 goblins
  5 hobgoblins
  10 jackals
  8 kobolds
  2 quokkas
  A ball python zombie (D:6)
  10 frilled lizards
  A leopard gecko zombie (D:7)
  A quokka skeleton (D:5)
  9 rats
  A spectral orc (D:6)
  2 fungi (D:5)
209 creatures vanquished.

Vanquished Creatures (others)
  A slave (D:5)
  A worker ant zombie (D:5)
2 creatures vanquished.

Grand Total: 211 creatures vanquished

Notes
Turn   | Place    | Note
-------+----------+-------------------------------------------
     0 | D:1      | lotte the Deep Elf Fire Elementalist began the quest for the Orb.
     0 | D:1      | Reached XP level 1. HP: 10/10 MP: 6/6
   381 | D:1      | Reached XP level 2. HP: 6/15 MP: 2/8
  1278 | D:2      | Found an iron altar of Okawaru.
  1618 | D:2      | Reached XP level 3. HP: 19/19 MP: 5/10
  1661 | D:2      | Found a transporter.
  1670 | D:2      | Found a transporter.
  1675 | D:2      | Found a hide-covered altar of Uskayaw.
  2090 | D:2      | Gained mutation: Your magical capacity is low. (-10% MP) [potion of mutation]
  2090 | D:2      | Gained mutation: You are partially covered in icy blue scales. (AC +2) [potion of mutation]
  2417 | D:2      | Learned a level 3 spell: Conjure Flame
  2569 | D:2      | Reached skill level 4 in Spellcasting
  2730 | D:2      | Found a faded altar of an unknown god.
  2740 | D:2      | Reached XP level 4. HP: 21/24 MP: 6/11
  2846 | D:2      | Found a burning altar of Makhleb.
  3007 | D:3      | Noticed Terence
  3017 | D:3      | Killed Terence
  3217 | D:3      | Noticed Jessica
  3225 | D:3      | Killed Jessica
  3225 | D:3      | Reached skill level 5 in Spellcasting
  3225 | D:3      | Reached XP level 5. HP: 26/28 MP: 8/13
  3814 | D:3      | Noticed lotte's ghost (amateur DEWz)
  4056 | D:3      | Found a snail-covered altar of Cheibriados.
  4134 | D:3      | Killed lotte's ghost
  4134 | D:3      | Reached XP level 6. HP: 30/32 MP: 7/15
  4252 | D:3      | Reached skill level 6 in Spellcasting
  4838 | D:4      | Noticed lotte's ghost (amateur DEFE)
  5110 | D:4      | Learned a level 5 spell: Fireball
  5250 | D:4      | Killed lotte's ghost
  5420 | D:4      | Reached XP level 7. HP: 36/36 MP: 15/17
  5517 | D:4      | Reached skill level 5 in Fire Magic
  5569 | D:4      | Reached skill level 7 in Spellcasting
  5914 | D:5      | Entered Level 5 of the Dungeon
  6342 | D:5      | Noticed Ijyb
  6422 | D:5      | Noticed Pikel
  6461 | D:5      | Killed Pikel
  6461 | D:5      | Reached skill level 5 in Dodging
  6461 | D:5      | Reached skill level 8 in Spellcasting
  6461 | D:5      | Reached XP level 8. HP: 35/41 MP: 5/20
  6740 | D:5      | Found a staircase to the Ecumenical Temple.
  6754 | Temple   | Entered the Ecumenical Temple
  6771 | Temple   | Became a worshipper of Vehumet
  6921 | D:5      | Reached skill level 5 in Conjurations
  6973 | D:5      | Killed Ijyb
  6973 | D:5      | Reached skill level 9 in Spellcasting
  7859 | D:5      | Noticed a two-headed ogre
  7872 | D:5      | Killed a two-headed ogre
  7872 | D:5      | Reached skill level 10 in Spellcasting
  7872 | D:5      | Reached XP level 9. HP: 45/45 MP: 10/22
  8406 | D:5      | Found a runed door.
  8410 | D:5      | Noticed Crazy Yiuf
  8413 | D:5      | Killed Crazy Yiuf
  8413 | D:5      | Reached * piety under Vehumet
  8413 | D:5      | Offered knowledge of Sandblast by Vehumet.
  8730 | D:6      | Found a basalt altar of Yredelemnul.
  9587 | D:7      | Reached skill level 11 in Spellcasting
 10006 | D:7      | Found a hazy altar of Hepliaklqana.
 10011 | D:7      | Found a blossoming altar of Fedhas.
 10013 | D:7      | Found a glowing silver altar of Zin.
 10014 | D:7      | Found a white marble altar of Elyvilon.
 10016 | D:7      | Found an ancient bone altar of Kikubaaqudgha.
 10722 | D:8      | Noticed Prince Ribbit
 10740 | D:8      | Killed Prince Ribbit
 10914 | D:8      | Reached ** piety under Vehumet
 10914 | D:8      | Offered knowledge of Sting by Vehumet.
 10924 | D:8      | Reached XP level 10. HP: 50/50 MP: 7/25
 10925 | D:8      | Reached skill level 12 in Spellcasting
 11328 | D:8      | Noticed Psyche
 11335 | D:8      | Killed Psyche
 11804 | D:8      | Found a deep blue altar of Sif Muna.
 11975 | D:9      | Noticed a brown ugly thing
 11981 | D:9      | Killed a brown ugly thing
 11985 | D:9      | Noticed a two-headed ogre
 12180 | D:8      | Killed a two-headed ogre
 12307 | D:9      | Found a staircase to the Lair.
 12313 | D:9      | Reached skill level 13 in Spellcasting
 12319 | D:9      | Offered knowledge of Static Discharge by Vehumet.
 12320 | D:9      | Noticed a brown ugly thing
 12337 | D:8      | Splashed by a brown ugly thing's acid

Skill      XL: |  1  2  3  4  5  6  7  8  9 10 |
---------------+-------------------------------+-----
Stealth        | 3 |  3.2
Dodging        | 3 4 5 6 7 8 |  8.8
Conjurations   | 2 3 4 5 7 8 |  8.0
Spellcasting   | 4 5 6 8 10 11 13 | 13.2
Fire Magic     | 4 5 6 7 8 |  8.7

Action                   |  1- 3 |  4- 6 |  7- 9 | 10-12 || total
-------------------------+-------+-------+-------+-------++-------
Melee: Unarmed           |    11 |       |       |       ||    11
       Mace              |       |     1 |    38 |       ||    39
       Quarterstaff      |       |       |     1 |       ||     1
 Cast: Flame Tongue      |    84 |   115 |   197 |    66 ||   462
       Conjure Flame     |       |     2 |    20 |     3 ||    25
       Fireball          |       |       |    20 |     5 ||    25
Evoke: Wand              |       |       |     4 |     1 ||     5
  Use: Potion            |     3 |       |     3 |     1 ||     7
       Scroll            |     1 |     3 |    12 |     4 ||    20
  Eat: Chunk             |     5 |     5 |    17 |       ||    27
       Ration            |       |     1 |     1 |     1 ||     3
Armor: Robe              |    10 |     7 |     8 |     2 ||    27
Dodge: Dodged            |    27 |    27 |    51 |    31 ||   136
